[Event "Titled Tuesday Blitz July 26 Late 2022"]
[White "Zhigalko, Sergei"]
[Black "Ismagilov, Damir"]
[WhiteFideId "13502956"]
[BlackFideId "34199982"]
[WhiteElo "2662"]
[BlackElo "2138"]
[Result "1-0"]
[Round "05"]
[TimeControl "180+1"]
[Date "2022.07.26"]
[WhiteClock "0:00:12"]
[BlackClock "0:00:01"]

1. e4 e6 2. d4 d5 3. e5 c5 4. c3 Nc6 5. Nf3 Nh6 6. Na3 cxd4 7. cxd4 Bb4+ 8. Bd2 Qa5 9. Nb5 O-O 10. Nc3 Nf5 11. a3 Bxc3 12. Bxc3 Qb6 13. Bd3 Bd7 14. O-O Rfc8 15. Qd2 Qd8 16. g3 a6 17. Rfe1 Na7 18. g4 Nh4 19. Nxh4 Qxh4 20. Re3 Nb5 21. Kg2 h6 22. Rg3 Nxc3 23. bxc3 Bb5 24. Bc2 f6 25. Re1 Rf8 26. f4 fxe5 27. Rxe5 Rae8 28. Qe3 Qf6 29. Rf3 Qh4 30. h3 Rf6 31. Rh5 Qxh5 32. gxh5 Ref8 33. Bg6 Bd7 34. Qe5 Rc8 35. Re3 1-0


[Site "https://www.chess.com"]

[Event "Titled Tuesday Blitz July 26 Late 2022"]
[White "Zhu, Jiner"]
[Black "Haitin, Ilja"]
[WhiteFideId "8608059"]
[BlackFideId "4501764"]
[WhiteElo "2281"]
[BlackElo "2209"]
[Result "1-0"]
[Round "05"]
[TimeControl "180+1"]
[Date "2022.07.26"]
[WhiteClock "0:00:08"]
[BlackClock "0:00:01"]

1. e4 c6 2. d4 d5 3. exd5 cxd5 4. Bd3 Nc6 5. c3 Nf6 6. Nf3 Bg4 7. Bf4 e6 8. Qb3 Qd7 9. Nbd2 Bxf3 10. Nxf3 Bd6 11. Bxd6 Qxd6 12. O-O O-O 13. Rae1 Qc7 14. Ne5 Nxe5 15. Rxe5 a6 16. Qd1 b5 17. a3 Rab8 18. Qe2 Qc6 19. f4 a5 20. f5 exf5 21. Rexf5 Rfe8 22. Qf3 b4 23. axb4 axb4 24. Qh3 bxc3 25. bxc3 Ne4 26. Bxe4 dxe4 27. Rxf7 e3 28. Qg3 Qh6 29. Re7 Rbc8 30. Qe5 Rxe7 31. Qxe7 Qg6 32. Qxe3 h6 33. h3 Kh8 34. Rf3 Qc6 35. Kh2 Qc7+ 36. Qe5 Qd7 37. Rg3 Re8 38. Rxg7 Rxe5 39. Rxd7 Re3 40. Rc7 h5 41. d5 Rd3 42. c4 h4 43. Rc6 Kg8 44. d6 Kf7 45. c5 Ke6 46. Rc7 Rc3 47. d7 Ke7 48. c6 Rc5 49. Rc8 Rd5 50. Re8+ 1-0


[Site "https://www.chess.com"]

[Event "Titled Tuesday Blitz July 26 Late 2022"]
[White "Zhukova, Natalia"]
[Black "Gubajdullin, Alexei"]
[WhiteFideId "14101513"]
[BlackFideId "4141202"]
[WhiteElo "2296"]
[BlackElo "2190"]
[Result "0-1"]
[Round "05"]
[TimeControl "180+1"]
[Date "2022.07.27"]
[WhiteClock "0:00:08"]
[BlackClock "0:00:29"]

1. c4 Nf6 2. Nc3 g6 3. e4 d6 4. d4 Bg7 5. f4 O-O 6. Nf3 Na6 7. Bd3 c5 8. d5 e6 9. O-O exd5 10. cxd5 Bg4 11. h3 Bxf3 12. Qxf3 Nd7 13. Bxa6 bxa6 14. Kh2 Qa5 15. Bd2 Rab8 16. b3 Rfe8 17. Rac1 c4 18. bxc4 Rb2 19. Be1 Qa3 20. e5 dxe5 21. f5 e4 22. Qd1 e3 23. Qf3 e2 24. Rf2 Ne5 25. Qe4 Bh6 26. fxg6 hxg6 27. Rc2 Rxc2 28. Qxc2 Nxc4 29. Rxe2 Ne3 30. Qd3 Qc5 31. Bg3 Nf1+ 32. Kh1 Nxg3+ 33. Qxg3 Rxe2 34. Nxe2 Qxd5 0-1


[Site "https://www.chess.com"]

[Event "Titled Tuesday Blitz July 26 Late 2022"]
[White "Zong, Davis"]
[Black "Bartholomew, John"]
[WhiteFideId "30903955"]
[BlackFideId "2019353"]
[WhiteElo "2061"]
[BlackElo "2764"]
[Result "0-1"]
[Round "05"]
[TimeControl "180+1"]
[Date "2022.07.26"]
[WhiteClock "0:00:02"]
[BlackClock "0:00:09"]

1. d4 d6 2. e4 Nf6 3. Nc3 e5 4. Nf3 Nbd7 5. Bc4 Be7 6. O-O O-O 7. a4 c6 8. b3 Qc7 9. Bb2 exd4 10. Nxd4 Ne5 11. Be2 Re8 12. Kh1 Bf8 13. Qd2 Ng6 14. f3 d5 15. exd5 cxd5 16. Bb5 Re5 17. Nce2 Rh5 18. h3 Bxh3 19. f4 Ne4 20. Qe3 Bg4+ 21. Kg1 Bc5 22. Ng3 Nxg3 23. Qxg3 Bf5 24. Qf3 Rh4 25. g3 Be4 26. Qe3 Rh1+ 27. Kf2 Rh2+ 28. Ke1 Ne7 29. Rf2 Nf5 30. Qd2 Rxf2 31. Kxf2 Nxd4 32. Bxd4 Bxd4+ 33. Qxd4 Qxc2+ 34. Be2 Re8 35. Re1 b6 36. Kf1 h5 37. Qd1 Qc3 38. Kf2 d4 39. Bf3 f5 40. Bxh5 Re6 41. Bf3 Rh6 42. Kg2 Re6 43. Kf2 Re7 44. g4 d3 45. gxf5 Qd4+ 46. Kg2 d2 47. Rxe4 Rxe4 48. Bxe4 Qxe4+ 49. Kf2 Qd3 50. f6 gxf6 51. Qg4+ Kf7 52. Qh5+ Ke7 53. Qd1 Kd6 0-1


[Site "https://www.chess.com"]

[Event "Titled Tuesday Blitz July 26 Late 2022"]
[White "Abdrlauf, Elham"]
[Black "Zhu, Jiner"]
[WhiteFideId "1533533"]
[BlackFideId "8608059"]
[WhiteElo "2429"]
[BlackElo "2281"]
[Result "0-1"]
[Round "06"]
[TimeControl "180+1"]
[Date "2022.07.26"]
[WhiteClock "0:00:08"]
[BlackClock "0:00:07"]

1. e4 e5 2. Nc3 Nf6 3. d4 exd4 4. Qxd4 Nc6 5. Qd3 Bc5 6. Bf4 O-O 7. O-O-O d6 8. Be3 Bxe3+ 9. Qxe3 Qe7 10. f4 Re8 11. Bd3 Bf5 12. Re1 d5 13. Nge2 dxe4 14. Bb5 a6 15. Bxc6 bxc6 16. Nd4 Bd7 17. h3 Nd5 18. Qxe4 Qd6 19. Qf3 Qxf4+ 20. Qxf4 Nxf4 21. Reg1 c5 22. Nb3 Bc6 23. Rh2 Re2 24. Nxc5 Rxg2 25. Rhxg2 Bxg2 26. h4 h5 27. Kd2 Bc6 28. Ke3 Ng2+ 29. Kd4 Nxh4 30. Rc1 Nf3+ 31. Ke3 h4 32. N3e4 Ne5 33. Kf4 Re8 34. Ng5 f6 35. Nh3 g5+ 36. Kf5 Kf7 37. Nxg5+ fxg5 38. Kxg5 Nf3+ 39. Kg4 Rg8+ 40. Kf4 h3 41. Ne4 Bxe4 42. Kxe4 h2 43. Rf1 Rg1 44. Rxf3+ Ke6 45. Rh3 h1=Q+ 46. Rxh1 Rxh1 47. Kd3 Ra1 48. Kc4 Rxa2 49. Kb3 Ra1 50. Kb4 Kd6 0-1


[Site "https://www.chess.com"]

[Event "Titled Tuesday Blitz July 26 Late 2022"]
[White "Agasarov, Benik"]
[Black "Federzoni, Enzo"]
[WhiteFideId "13314823"]
[BlackFideId "2173301"]
[WhiteElo "2620"]
[BlackElo "1949"]
[Result "1/2-1/2"]
[Round "06"]
[TimeControl "180+1"]
[Date "2022.07.27"]
[WhiteClock "0:00:43"]
[BlackClock "0:00:41"]

1. Nf3 c5 2. b3 Nf6 3. Bb2 g6 4. Bxf6 exf6 5. c4 d5 6. cxd5 Qxd5 7. Nc3 Qd7 8. Ne4 Qe6 9. Qc2 b6 10. e3 Bb7 11. Bb5+ Nc6 12. d4 O-O-O 13. Bc4 Qf5 14. Bd3 Nb4 15. Nd6+ Kb8 16. Nxf5 Nxc2+ 17. Bxc2 Bxf3 18. gxf3 gxf5 19. Bxf5 cxd4 20. Rd1 Bb4+ 21. Ke2 dxe3 22. fxe3 h6 23. Rhg1 Rhg8 24. Rxg8 Rxg8 25. Kf2 Bc5 26. Rd7 Re8 27. Be4 f5 28. Bxf5 Rxe3 29. Rd8+ Kb7 30. Rd7+ Kc6 31. Kg3 Re7 32. Rd8 Bd6+ 33. Kh3 Re2 34. Rc8+ Kb7 35. Rc2 Re5 36. Bc8+ Kb8 37. Ba6 Rc5 38. Rd2 Bc7 39. Re2 Re5 40. Rxe5 Bxe5 41. Kg4 Bxh2 42. Bc4 f6 43. Kf5 Be5 44. Kg6 Kc7 45. Kxh6 Kd6 46. Kg6 Kc5 47. Kf5 Kb4 48. a4 a6 49. Bxa6 Kxb3 50. Bb5 Kb4 51. f4 Bd4 52. Ke4 Kc5 53. Be8 Ba1 54. f5 Be5 55. Kd3 Ba1 56. Ke4 Be5 57. Kf3 Ba1 58. Kg4 Be5 59. Kh5 Kb4 60. Kg6 Ka5 61. Bb5 Ba1 62. Kf7 Be5 63. Ke6 Ba1 64. Kd5 Be5 65. Kc4 Ba1 66. Kd3 Be5 67. Kc2 Ba1 68. Kb1 Be5 69. Ka2 Bd4 70. Kb3 Be5 71. Ka2 Bd4 72. Ka3 Be5 73. Kb3 Bd4 74. Kc4 Be5 75. Bc6 Ba1 76. Kb3 Be5 77. Kc2 Ba1 78. Kd1 Be5 79. Kc1 Bd4 80. Kb1 Be5 81. Bb5 Bd4 82. Kc2 Be5 83. Kb1 Bd4 84. Ka2 Be5 85. Kb3 Bd4 86. Kc4 Be5 87. Kd5 Ba1 88. Ke6 Be5 89. Kd7 Ba1 90. Kc6 Be5 91. Kb7 Ba1 1/2-1/2


[Site "https://www.chess.com"]

[Event "Titled Tuesday Blitz July 26 Late 2022"]
[White "Alexiadis, Hristos"]
[Black "Vagman, Roy"]
[WhiteFideId "4249623"]
[BlackFideId "2828995"]
[WhiteElo "2416"]
[BlackElo "1956"]
[Result "1-0"]
[Round "06"]
[TimeControl "180+1"]
[Date "2022.07.26"]
[WhiteClock "0:00:04"]
[BlackClock "0:00:04"]

1. d4 Nf6 2. c4 c5 3. Nf3 g6 4. Nc3 cxd4 5. Nxd4 Bg7 6. e4 Nc6 7. Be3 O-O 8. f3 d6 9. Qd2 a5 10. Rc1 a4 11. Be2 Qa5 12. O-O a3 13. b3 Nxd4 14. Bxd4 Be6 15. Qe3 Nd7 16. Bxg7 Kxg7 17. Kh1 Qc5 18. Qd2 g5 19. Nd5 h6 20. Nxe7 Ne5 21. Nd5 Bxd5 22. cxd5 Qb6 23. f4 gxf4 24. Qxf4 Rac8 25. Qf6+ Kg8 26. Rxc8 Rxc8 27. Qxh6 Rc2 28. Bh5 Rf2 29. Rc1 Qc5 30. h3 Rc2 31. Rf1 Rf2 32. Rc1 Rc2 33. Qg5+ Kf8 34. Qd8+ Kg7 35. Rf1 Rf2 36. Rg1 Rxa2 37. Qg5+ Kf8 38. Qd8+ Kg7 39. Qh4 Qf2 40. Qg5+ Kh7 41. Qe7 Qg3 42. Qxd6 Kg7 43. Bg4 f6 44. Bf5 Nf3 45. Qxg3+ Ng5 46. Rc1 Rb2 47. Rc7+ Kf8 48. Qh4 Rb1+ 49. Kh2 Rb2 50. Qh8# 1-0


[Site "https://www.chess.com"]

[Event "Titled Tuesday Blitz July 26 Late 2022"]
[White "Andreikin, Dmitry"]
[Black "Riehle, Marco"]
[WhiteFideId "4158814"]
[BlackFideId "12904392"]
[WhiteElo "2736"]
[BlackElo "2462"]
[Result "1/2-1/2"]
[Round "06"]
[TimeControl "180+1"]
[Date "2022.07.26"]
[WhiteClock "0:00:30"]
[BlackClock "0:00:27"]

1. d4 d5 2. c4 e6 3. Nf3 Nf6 4. g3 dxc4 5. Bg2 Bb4+ 6. Nbd2 Nc6 7. O-O Bxd2 8. Bxd2 Nxd4 9. Qa4+ c6 10. Nxd4 Qxd4 11. Bxc6+ Bd7 12. Bxd7+ Qxd7 13. Qb4 a5 14. Qc3 O-O 15. Bh6 b5 16. Rfd1 Qe7 17. Bg5 Rfd8 18. a4 Rxd1+ 19. Rxd1 bxa4 20. Qxc4 h6 21. Bxf6 Qxf6 22. Qe4 Rb8 23. Qxa4 Qxb2 24. Qxa5 Qxe2 25. Qd2 Qxd2 26. Rxd2 g5 27. Kg2 Kg7 28. Rd4 Kg6 29. h4 Rb5 30. hxg5 hxg5 31. Ra4 f5 32. Ra6 Kf6 33. Rc6 Rd5 34. Ra6 Ke5 35. Rb6 Rd6 36. Rb5+ Kf6 37. Ra5 e5 38. Rb5 e4 39. g4 fxg4 40. Kg3 Rd3+ 41. Kxg4 Rf3 42. Rb2 Rf4+ 43. Kg3 Kf5 44. Rb5+ Kg6 45. Rb6+ Kh5 46. Re6 Rf3+ 47. Kg2 Rf4 48. Kg3 Rg4+ 49. Kh3 Rh4+ 50. Kg2 Rf4 51. Kg3 1/2-1/2


[Site "https://www.chess.com"]

[Event "Titled Tuesday Blitz July 26 Late 2022"]
[White "Araujo Sanchez, Josue"]
[Black "Fishbein, Alexander"]
[WhiteFideId "6416896"]
[BlackFideId "2000377"]
[WhiteElo "2358"]
[BlackElo "2410"]
[Result "1/2-1/2"]
[Round "06"]
[TimeControl "180+1"]
[Date "2022.07.26"]
[WhiteClock "0:01:27"]
[BlackClock "0:00:05"]

1. e4 c5 2. Nf3 d6 3. d4 cxd4 4. Nxd4 Nf6 5. Nc3 Nc6 6. Bc4 e6 7. O-O Be7 8. Bb3 a6 9. Kh1 O-O 10. f4 Na5 11. f5 Nxb3 12. axb3 e5 13. Nde2 d5 14. exd5 b5 15. Nxb5 Nxd5 16. c4 Nb4 17. Qxd8 Rxd8 18. Nbc3 Bb7 19. Ng3 Nd3 20. Nge4 Rd4 21. f6 gxf6 22. Nxf6+ Bxf6 23. Rxf6 Rg4 24. Nd5 Bxd5 25. cxd5 Rc8 26. Bh6 Nf4 27. Bxf4 Rxf4 28. Rxf4 exf4 29. Kg1 Rc2 30. Rxa6 Rxb2 31. Rb6 Kf8 32. b4 Ke7 33. Rb7+ Kf6 34. d6 Rd2 35. d7 Ke6 36. b5 h5 37. b6 Ke7 38. Kf1 Rb2 39. h4 f5 40. Kg1 Rb1+ 41. Kf2 Rb3 42. Ke2 Rb2+ 43. Kf3 Rb4 44. Ra7 Rxb6 45. Kxf4 Rb4+ 46. Kg3 Rg4+ 47. Kh3 Rd4 48. d8=Q+ Kxd8 49. Rh7 Rd3+ 50. Kh2 f4 51. Rxh5 f3 52. gxf3 Rxf3 53. Re5 Rf7 54. h5 Re7 55. Rf5 Ke8 56. Kg3 Rf7 57. Ra5 Kf8 58. h6 Kg8 59. Kg4 Kh7 60. Kg5 Rc7 61. Rf5 Rd7 62. Rf6 Rd5+ 63. Rf5 Rxf5+ 64. Kxf5 Kxh6 1/2-1/2


[Site "https://www.chess.com"]

[Event "Titled Tuesday Blitz July 26 Late 2022"]
[White "Averjanov, Alexey"]
[Black "Raja Harshit"]
[WhiteFideId "14109867"]
[BlackFideId "5089000"]
[WhiteElo "2625"]
[BlackElo "2338"]
[Result "0-1"]
[Round "06"]
[TimeControl "180+1"]
[Date "2022.07.26"]
[WhiteClock "0:02:07"]
[BlackClock "0:01:47"]

1. d4 Nf6 2. c4 e6 3. Nf3 d5 4. e3 c5 5. dxc5 Bxc5 6. a3 O-O 7. b4 Bd6 8. Bb2 a5 9. Nbd2 Qe7 10. b5 Nbd7 11. Be2 e5 12. O-O e4 13. Nd4 Nc5 14. Qc2 Bg4 15. Bxg4 Bxh2+ 16. Kxh2 Nxg4+ 17. Kh1 Qh4+ 18. Kg1 Qh2# 0-1


[Site "https://www.chess.com"]

[Event "Titled Tuesday Blitz July 26 Late 2022"]
[White "Baches Garcia, Guillermo"]
[Black "Tanenbaum, Zachary"]
[WhiteFideId "2209764"]
[BlackFideId "2060850"]
[WhiteElo "2533"]
[BlackElo "2175"]
[Result "0-1"]
[Round "06"]
[TimeControl "180+1"]
[Date "2022.07.26"]
[WhiteClock "0:00:38"]
[BlackClock "0:01:22"]

1. e4 e5 2. Nf3 Nc6 3. Bc4 Nf6 4. Ng5 d5 5. exd5 Na5 6. Bb5+ c6 7. dxc6 bxc6 8. Qf3 Be7 9. Bd3 O-O 10. O-O g6 11. Nc3 Ng4 12. Nge4 f5 13. Ng3 e4 14. Ngxe4 fxe4 15. Qxe4 Bf5 16. Qe2 Bxd3 17. cxd3 Qd7 18. h3 Nxf2 19. Rxf2 Bc5 20. Ne4 Rxf2 21. Qg4 Rf4+ 22. Nxc5 Qd4+ 0-1


[Site "https://www.chess.com"]

[Event "Titled Tuesday Blitz July 26 Late 2022"]
[White "Baltaci, Ismail Tarik"]
[Black "Szczepanek, Radoslaw"]
[WhiteFideId "6365213"]
[BlackFideId "1120395"]
[WhiteElo "2250"]
[BlackElo "2161"]
[Result "1-0"]
[Round "06"]
[TimeControl "180+1"]
[Date "2022.07.27"]
[WhiteClock "0:00:14"]
[BlackClock "0:00:01"]

1. Nf3 Nf6 2. g3 g6 3. b3 Bg7 4. Bb2 d6 5. d4 O-O 6. Bg2 Nc6 7. O-O e5 8. dxe5 Nd7 9. c4 dxe5 10. Nc3 Nc5 11. Nd5 Ne6 12. e3 e4 13. Bxg7 exf3 14. Bf6 fxg2 15. Bxd8 gxf1=Q+ 16. Qxf1 Rxd8 17. Rd1 a5 18. f4 Nb4 19. f5 Nxd5 20. cxd5 Nc5 21. f6 Rd6 22. Qf4 Bf5 23. g4 Be4 24. Rf1 Rad8 25. Qh6 Rxf6 26. Rxf6 Rxd5 27. Rf1 Ne6 28. Qh3 Rd2 29. Rf2 Rd1+ 30. Rf1 Rd2 31. Qg3 Rg2+ 32. Qxg2 Bxg2 33. Kxg2 b6 34. Rd1 Kg7 35. Rd7 Kf6 36. Kf3 h6 37. h4 g5 38. h5 Kg7 39. e4 Kf8 40. e5 Ke8 41. Rd1 Ke7 42. Ke4 b5 43. Rd5 c5 44. Rd6 Nd4 45. Rxh6 Ne6 46. Rh8 c4 47. bxc4 bxc4 48. h6 f6 49. h7 Kf7 50. Rc8 1-0


[Site "https://www.chess.com"]

[Event "Titled Tuesday Blitz July 26 Late 2022"]
[White "Barria Zuniga, Daniel"]
[Black "Maksimovic, Bojan"]
[WhiteFideId "3400816"]
[BlackFideId "14408120"]
[WhiteElo "2414"]
[BlackElo "2453"]
[Result "0-1"]
[Round "06"]
[TimeControl "180+1"]
[Date "2022.07.26"]
[WhiteClock "0:00:01"]
[BlackClock "0:00:08"]

1. d4 c5 2. d5 e5 3. dxe6 fxe6 4. e4 Nc6 5. Nc3 Nf6 6. f4 d5 7. e5 Nd7 8. Nf3 Be7 9. h4 a6 10. Ng5 Nf8 11. Bd2 h6 12. Nf3 b5 13. Qe2 Bb7 14. O-O-O b4 15. Na4 Qc7 16. g3 Qa5 17. b3 c4 18. Bh3 c3 19. Be3 Qb5 20. Qf2 Nd8 21. Nd4 Qd7 22. f5 exf5 23. Bxf5 Nde6 24. Nxe6 Nxe6 25. Nb6 Qc6 26. Nxa8 Bxa8 27. Bg6+ Kd7 28. Rxd5+ Qxd5 29. Rd1 Rf8 30. Qe2 Qxd1+ 31. Qxd1+ Kc7 32. g4 Bg2 33. Bf5 g6 34. Bxe6 Rf1 35. Qxf1 Bxf1 36. h5 gxh5 37. gxh5 Be2 38. Bf7 Bf8 39. e6 Bg4 40. Bf4+ Kc6 41. Be5 Be7 42. Kb1 Kd5 43. Bg7 Bxe6 44. Bxe6+ Kxe6 45. Bxh6 Kf5 46. Be3 Bf8 47. h6 Kg6 48. a3 a5 49. axb4 axb4 50. Ka2 Kh7 51. Bf4 Kg6 52. Be3 Kh7 53. Kb1 Kg6 54. Kc1 Bxh6 55. Bxh6 Kxh6 56. Kd1 Kg5 57. Ke2 Kf4 58. Kd3 Kf3 59. Kc4 Ke3 60. Kxb4 Kd2 61. Ka4 Kxc2 62. b4 Kd2 63. b5 c2 64. b6 c1=Q 65. Kb5 Qc8 66. b7 Qb8 67. Kb6 Ke3 0-1


[Site "https://www.chess.com"]

[Event "Titled Tuesday Blitz July 26 Late 2022"]
[White "Bartholomew, John"]
[Black "Jacobson, Brandon"]
[WhiteFideId "2019353"]
[BlackFideId "30901561"]
[WhiteElo "2766"]
[BlackElo "2362"]
[Result "0-1"]
[Round "06"]
[TimeControl "180+1"]
[Date "2022.07.26"]
[WhiteClock "0:00:03"]
[BlackClock "0:00:08"]

1. Nf3 c5 2. c3 d5 3. d4 e6 4. Bf4 Bd6 5. Bg3 Nf6 6. e3 O-O 7. Nbd2 Qc7 8. Ne5 Nc6 9. f4 Ne7 10. Bd3 b6 11. O-O Bb7 12. Qf3 Nf5 13. Bf2 Be7 14. Qh3 Nd6 15. Bh4 Nfe4 16. Bxe7 Qxe7 17. Nxe4 dxe4 18. Be2 cxd4 19. cxd4 Rac8 20. Rac1 Bd5 21. b3 Rc7 22. Ba6 b5 23. Rc5 f6 24. Ng4 Rc6 25. Rxc6 Bxc6 26. Rc1 Qd7 27. Rc5 Rb8 28. Nf2 Rb6 29. d5 exd5 30. Qxd7 Bxd7 31. Rc7 Rxa6 32. Rxd7 Nf5 33. Rxd5 Rxa2 34. Nxe4 Rxg2+ 35. Kh1 Nxe3 36. Rd7 a6 37. Ng3 Rb2 38. h3 Rb1+ 39. Kh2 Nf1+ 40. Kg2 Nxg3 41. Rd3 Ne4 0-1


[Site "https://www.chess.com"]

[Event "Titled Tuesday Blitz July 26 Late 2022"]
[White "Blanco Ronquillo, Humberto L."]
[Black "Rychkov, Roman"]
[WhiteFideId "3504239"]
[BlackFideId "30985595"]
[WhiteElo "2423"]
[BlackElo "1866"]
[Result "1/2-1/2"]
[Round "06"]
[TimeControl "180+1"]
[Date "2022.07.27"]
[WhiteClock "0:00:55"]
[BlackClock "0:00:08"]

1. e4 e5 2. Nf3 Nc6 3. Bb5 a6 4. Ba4 Nf6 5. O-O b5 6. Bb3 Bc5 7. c3 d6 8. d4 Bb6 9. Re1 O-O 10. a4 Bg4 11. Be3 Na5 12. Bc2 Nc4 13. Bc1 c5 14. b3 Na5 15. dxe5 Bxf3 16. Qxf3 dxe5 17. Nd2 Qd7 18. Nf1 c4 19. b4 Nb3 20. Bxb3 cxb3 21. a5 Ba7 22. Rb1 Qe6 23. Qd1 Ng4 24. Ne3 Nxe3 25. Bxe3 Bxe3 26. Rxe3 Rfd8 27. Rd3 Rxd3 28. Qxd3 Qc4 29. Qxc4 bxc4 30. Rd1 Kf8 31. Kf1 Ke7 32. Ke2 Rd8 33. Rxd8 Kxd8 34. Kd2 Kc7 35. Kc1 Kc6 36. Kb1 Kb5 37. Ka1 Ka4 38. Kb2 Kb5 39. Ka3 Kc6 40. Kb2 Kb5 41. Kb1 Ka4 42. Ka1 Kb5 43. Kb1 Ka4 44. Kb2 Kb5 1/2-1/2


[Site "https://www.chess.com"]

[Event "Titled Tuesday Blitz July 26 Late 2022"]
[White "Bogaudinov, Rushan"]
[Black "Romanchuk, Viktor"]
[WhiteFideId "4129288"]
[BlackFideId "14109271"]
[WhiteElo "2010"]
[BlackElo "2242"]
[Result "0-1"]
[Round "06"]
[TimeControl "180+1"]
[Date "2022.07.27"]
[WhiteClock "0:00:03"]
[BlackClock "0:00:02"]

1. d4 d5 2. Nf3 Nf6 3. e3 c6 4. Be2 Bg4 5. O-O Nbd7 6. b3 Bxf3 7. Bxf3 e5 8. dxe5 Nxe5 9. Be2 Bd6 10. Bb2 Qe7 11. Nd2 O-O 12. Nf3 Rad8 13. a4 Rfe8 14. a5 Ne4 15. Nd4 Qh4 16. g3 Qh3 17. Re1 a6 18. Bf1 Qd7 19. Bg2 Ng4 20. Re2 Ne5 21. Nf3 Nxf3+ 22. Bxf3 Be5 23. Bxe5 Rxe5 24. Qd4 Ree8 25. Rd1 Qc7 26. b4 Qe5 27. c4 Nc3 28. Qxe5 Nxe2+ 29. Bxe2 Rxe5 30. Bf3 Kf8 31. c5 Re7 32. Rd4 g6 33. h4 f5 34. Kg2 Kg7 35. Kg1 Kf6 36. Kg2 h6 37. Kg1 g5 38. hxg5+ hxg5 39. g4 Rh8 40. gxf5 Kxf5 41. Bg4+ Kf6 42. Kg2 Re4 43. Kf3 Rhe8 44. Bd7 Rxd4 45. exd4 Re4 46. Bc8 Rxd4 47. Bxb7 Rxb4 48. Bxc6 Ke5 49. Bd7 d4 50. Ke2 Rb3 51. Bc8 Ra3 0-1


[Site "https://www.chess.com"]

[Event "Titled Tuesday Blitz July 26 Late 2022"]
[White "Buscar, Michael"]
[Black "Vovk, Orest"]
[WhiteFideId "2603616"]
[BlackFideId "14113490"]
[WhiteElo "2010"]
[BlackElo "2203"]
[Result "0-1"]
[Round "06"]
[TimeControl "180+1"]
[Date "2022.07.27"]
[WhiteClock "0:01:05"]
[BlackClock "0:00:15"]

1. Nf3 h6 2. h3 g5 3. g4 h5 4. Bg2 hxg4 5. Nxg5 gxh3 6. Bxh3 Bg7 7. c3 d5 8. Qa4+ Nc6 9. Bg2 Rxh1+ 10. Bxh1 Qd6 11. Qh4 Qh6 12. Qxh6 Bxh6 13. d4 f6 14. Bxd5 e6 15. Bxe6 Bxe6 16. Nxe6 Bxc1 17. Nd2 Bxd2+ 18. Kxd2 Rc8 19. Rg1 Nge7 20. e4 Nd8 21. Nc5 b6 22. Nd3 Ne6 23. f4 Kf7 24. f5 Ng5 25. e5 Nf3+ 26. Ke3 Nxg1 27. e6+ Kg7 28. Nf4 Nxf5+ 29. Kf2 Ne7 30. Kxg1 Rg8 31. c4 Kf8+ 32. Kf2 Ke8 33. b4 Rh8 34. Kg2 Rg8+ 35. Kf2 c6 36. a4 Nf5 37. d5 cxd5 38. Nxd5 Rg6 39. c5 bxc5 40. bxc5 Nd4 41. e7 Nc6 42. Kf3 Nxe7 43. Nc7+ Kd7 44. Nb5 Rg5 45. Nxa7 Rxc5 46. Nb5 Rxb5 47. axb5 Kc7 48. Kf4 Kb6 49. Ke4 Kxb5 50. Kd4 Kc6 51. Kc4 Kd6 52. Kd4 Ke6 53. Ke4 Kf7 54. Kf4 Kg6 55. Kg4 f5+ 56. Kf4 Kf6 57. Kf3 Ke5 58. Ke3 f4+ 59. Kf3 Kf5 60. Kf2 Ke4 61. Ke2 f3+ 62. Kf2 Kf4 63. Kf1 Ke3 64. Ke1 f2+ 65. Kf1 Nc8 66. Kg2 Ke2 0-1


[Site "https://www.chess.com"]

[Event "Titled Tuesday Blitz July 26 Late 2022"]
[White "Chen, Justin"]
[Black "Rosen, Eric"]
[WhiteFideId "2098199"]
[BlackFideId "2032562"]
[WhiteElo "2289"]
[BlackElo "2362"]
[Result "1-0"]
[Round "06"]
[TimeControl "180+1"]
[Date "2022.07.26"]
[WhiteClock "0:00:09"]
[BlackClock "0:00:08"]

1. e4 c5 2. Nc3 e6 3. Nge2 Nc6 4. g3 Nf6 5. Bg2 a6 6. O-O Be7 7. d3 O-O 8. h3 d5 9. exd5 exd5 10. d4 c4 11. Nf4 Be6 12. Re1 Qd7 13. Nxe6 fxe6 14. Be3 b5 15. Ne2 Rae8 16. c3 a5 17. a3 Qc8 18. Nf4 Bd6 19. Nh5 Nd7 20. Qg4 Rf7 21. Bh6 Bf8 22. Rxe6 Rxe6 23. Qxe6 Ne7 24. Bd2 Nb6 25. Qxb6 Qf5 26. Nf4 g5 27. Qe6 gxf4 28. Qxf5 Rxf5 29. Bxf4 Ng6 30. Bd2 Ne7 31. Re1 Kf7 32. g4 Rf6 33. Bg5 Rd6 34. Bxe7 Bxe7 35. f4 b4 36. Kf2 bxa3 37. bxa3 Rb6 38. Bxd5+ Kf8 39. Bxc4 Rb2+ 40. Re2 Rb1 41. a4 Ra1 42. Bb5 Ra3 43. Re3 Ra1 44. Kf3 Rh1 45. Ke4 Rf1 46. c4 Bd6 47. f5 Bh2 48. c5 Bg1 49. Bxf1 Ke7 50. Rb3 Bh2 51. Rb5 Kf6 52. Rxa5 Kg5 53. Ra6 h6 54. d5 Kh4 55. d6 Kg3 56. d7 Kf2 57. Rxh6 Kg1 58. g5 Bg3 59. h4 Kh2 60. d8=Q Bf2 61. f6 Bg3 62. Qd7 Kg1 63. Qh3 Kf2 64. Qg2+ Ke1 65. Qe2# 1-0


[Site "https://www.chess.com"]

[Event "Titled Tuesday Blitz July 26 Late 2022"]
[White "Chiu, Isaac"]
[Black "Miszler, Levente"]
[WhiteFideId "30900654"]
[BlackFideId "763276"]
[WhiteElo "2181"]
[BlackElo "1966"]
[Result "0-1"]
[Round "06"]
[TimeControl "180+1"]
[Date "2022.07.27"]
[WhiteClock "0:00:15"]
[BlackClock "0:00:07"]

1. b3 b6 2. Bb2 Bb7 3. Nf3 e6 4. g3 Nf6 5. Bg2 Be7 6. O-O O-O 7. c4 c5 8. d4 cxd4 9. Qxd4 Nc6 10. Qd2 d5 11. cxd5 Qxd5 12. Qf4 Bd6 13. Qh4 Qf5 14. Rd1 Rfd8 15. Nc3 Bc5 16. e4 Qg4 17. Na4 Qxh4 18. Nxh4 Bd4 19. Rac1 Ng4 20. Bxd4 Nxd4 21. Re1 Ba6 22. h3 Ne5 23. Rcd1 Nd3 24. Re3 Nc2 25. Re2 Ndb4 26. Red2 Rxd2 27. Rxd2 e5 28. Nf5 g6 29. Ne7+ Kf8 30. Nd5 Nxd5 31. exd5 Nd4 32. Nc3 Rd8 33. f4 f6 34. fxe5 fxe5 35. Kf2 Ke7 36. Be4 Bb7 37. Ke3 Rc8 38. Kd3 Ba6+ 39. Ke3 Rxc3+ 40. Kf2 Kd6 41. h4 Bb7 42. b4 Bxd5 43. Bb1 Rf3+ 44. Ke1 Rxg3 45. h5 Rg1+ 46. Kf2 Rxb1 47. h6 Rh1 48. b5 Rh2+ 49. Kg3 Rxd2 50. a4 Rd3+ 51. Kg4 Be6+ 52. Kg5 Rg3+ 53. Kh4 Rg4+ 54. Kh3 Nf3 55. a5 Ng5+ 56. Kh2 Nf3+ 57. Kh3 Kd5 58. axb6 Ng5+ 59. Kh2 axb6 60. Kh1 Ke4 61. Kh2 Kf3 62. Kh1 Kf2 63. Kh2 Rh4# 0-1


[Site "https://www.chess.com"]

[Event "Titled Tuesday Blitz July 26 Late 2022"]
[White "Derraugh, Geordie"]
[Black "Lewtak, Damian"]
[WhiteFideId "2603950"]
[BlackFideId "1141724"]
[WhiteElo "2116"]
[BlackElo "2359"]
[Result "0-1"]
[Round "06"]
[TimeControl "180+1"]
[Date "2022.07.27"]
[WhiteClock "0:00:02"]
[BlackClock "0:00:56"]

1. e4 c5 2. c3 d5 3. exd5 Qxd5 4. d4 Nc6 5. Nf3 Nf6 6. Na3 Bg4 7. Bc4 Qe4+ 8. Be3 cxd4 9. cxd4 e5 10. Bxf7+ Kxf7 11. Ng5+ Kg6 12. Nxe4 Bxd1 13. Nxf6 Ba4 14. Ng4 exd4 15. Bd2 Re8+ 16. Kf1 h5 17. Ne3 dxe3 18. fxe3 Bxa3 19. bxa3 Rhf8+ 20. Ke1 Rf5 21. Rb1 Re7 22. Rf1 Bc2 23. Rxf5 Bxf5 24. Rb2 a6 25. Rb6 Be4 26. g3 Kf5 27. a4 Kg4 28. Rb2 Rf7 29. Bc3 Kh3 30. a5 g5 31. Rd2 Bg2 32. Rd6 Kxh2 33. Rh6 Bf3 34. Kf2 Bg4+ 35. Rf6 Nd8 36. e4 Rxf6+ 37. Bxf6 Ne6 38. e5 Bf5 39. Be7 h4 40. gxh4 g4 41. h5 g3+ 42. Kf3 g2 43. h6 g1=Q 0-1


[Site "https://www.chess.com"]